 Dungeon Crawl Stone Soup version 0.19-a0-1457-g32fba05 (webtiles) character file.

251731 rlgrobin the Wrestler (level 18, -17/143 HPs)
             Began as a Demonspawn Gladiator on Sept 6, 2016.
             Was the Champion of Okawaru.
             Demolished by Mennas
             ... wielding a +5 scimitar of holy wrath
              (47 damage)
             ... on level 2 of the Vaults.
             The game lasted 02:36:41 (33635 turns).

rlgrobin the Wrestler (Demonspawn Gladiator)       Turns: 33635, Time: 02:36:42

Health: -17/143    AC: 24    Str: 22    XL:     18   Next: 94%
Magic:  25/25      EV: 21    Int:  7    God:    Okawaru [******]
Gold:   1287       SH:  7    Dex: 21    Spells: 4 memorised, 9 levels left

rFire  + . .     SeeInvis +       - Unarmed
rCold  + + .     Gourm    .     j - +4 scale mail "Sipyxeah" {rElec rC++ Regen+ Str-2}
rNeg   . . .     Faith    .     s - +0 buckler "Doriho" {rPois MR+++ Int-4}
rPois  +         Spirit   .     O - +2 helmet {SInv}
rElec  +         Dismiss  .     y - +0 cloak
rCorr  +         Reflect  .     (gloves unavailable)
MR     ++++.     Harm     .     P - +0 pair of boots {run} {god gift}
Stlth  ++........               h - amulet of regeneration
                                I - ring of protection from fire
                                B - +4 ring of dexterity

@: mighty, about to teleport, heroism, glowing, quick
A: claws 3, yellow scales 3, demonic guardian 2, mutation resistance 1, powered
by pain 3, augmentation 1
a: Heroism, Finesse, Renounce Religion
}: 2/15 runes: decaying, gossamer


You were on level 2 of the Vaults.
You worshipped Okawaru.
Okawaru was exalted by your worship.
You were not hungry.

You visited 7 branches of the dungeon, and saw 34 of its levels.
You visited 1 bazaar.

You collected 3810 gold pieces.
You spent 2523 gold pieces at shops.

Inventory:

Missiles
 c - 8 throwing nets
 f - 11 javelins of penetration {god gift}
 k - 981 stones
 w - 7 silver javelins {god gift}
 z - 5 steel javelins {god gift}
 G - 4 javelins of returning (quivered) {god gift}
Armour
 j - the +4 scale mail "Sipyxeah" (worn) {rElec rC++ Regen+ Str-2}
   (You bought it in a shop on level 2 of the Orcish Mines)

   It affects your strength (-2).
   It greatly protects you from cold.
   It insulates you from electricity.
   It increases your rate of regeneration.
 s - the +0 buckler "Doriho" (worn) {rPois MR+++ Int-4}
   (You acquired it on level 7 of the Dungeon)

   It affects your intelligence (-4).
   It protects you from poison.
   It affects your resistance to hostile enchantments.
 y - a +0 cloak (worn)
 O - a +2 helmet of see invisible (worn)
 P - a +0 pair of boots of running (worn) {god gift}
Jewellery
 h - an amulet of regeneration (around neck)
 B - a +4 ring of dexterity (left claw)
 I - a ring of protection from fire (right claw)
 J - an uncursed ring of flight
 Q - an uncursed amulet of magic regeneration {unknown}
Wands
 e - a wand of hasting (5/9)
 l - a wand of confusion (19/48)
 p - a wand of teleportation (6/9)
 q - a wand of digging (8/24)
 t - a wand of paralysis (15/24)
 u - a wand of teleportation (7/9)
 R - a wand of disintegration (11/24)
 T - a wand of acid (8/15)
Scrolls
 a - 5 scrolls of identify
 g - a scroll of holy word {unknown}
 i - a scroll of silence
 x - 6 scrolls of immolation
 A - 11 scrolls of remove curse
 F - 4 scrolls of fog
 H - 3 scrolls of fear
 Y - a scroll of recharging
 Z - 4 scrolls of teleportation
Potions
 b - 3 potions of resistance
 m - 13 potions of curing
 o - a potion of cancellation
 r - 7 potions of agility
 v - 8 potions of heal wounds
 D - 3 potions of haste
 S - 2 potions of invisibility
 V - 2 potions of berserk rage
 X - a potion of might
Miscellaneous
 U - a disc of storms
Comestibles
 d - 13 bread rations
 n - 8 meat rations
 C - 5 chunks of flesh {@w1}
 M - 9 slices of pizza


   Skills:
 - Level 13.0(18.0) Fighting
 - Level 8.0(13.0) Throwing
 + Level 9.3(14.3) Armour
 - Level 8.9(13.9) Dodging
 - Level 8.0(13.0) Stealth
 - Level 4.2(9.2) Shields
 - Level 21.0(26.0) Unarmed Combat
 - Level 2.9 Charms
 - Level 9.0 Invocations
 - Level 10.0 Evocations


You had 9 spell levels left.
You knew the following spells:

 Your Spells              Type           Power        Failure   Level  Hunger
a - Shroud of Golubria    Chrm/Tloc      #.........   86%         2    ###....
b - Regeneration          Chrm/Necr      #.........   99%         3    ####...
c - Infusion              Chrm           #...         34%         1    ##.....
m - Swiftness             Chrm/Air       #.......     86%         2    ###....


Dungeon Overview and Level Annotations

Branches:
Dungeon (15/15)            Temple (1/1) D:4            Lair (6/6) D:11
  Swamp (4/4) Lair:2       Spider (4/4) Lair:2        Slime (0/5) Lair:5
    Orc (2/2) D:10            Elf (0/3) Orc:2        Vaults (2/5) D:13
 Depths (0/5) D:15
  Crypt: Vaults:2-3

Altars:
Ashenzari
Cheibriados
Dithmenos
Elyvilon
Fedhas
Gozag
Hepliaklqana
Kikubaaqudgha
Makhleb
Nemelex Xobeh
Okawaru
Qazlal
Ru
Sif Muna
Trog
Uskayaw
Vehumet
Xom
Yredelemnul
Zin
The Shining One
Beogh
Jiyva

Shops:
D:7 ?   D:12 !   Orc:2 [%**

Portals:
Trove: D:15 (give +8 demon blade)

Annotations:
D:9 Psyche
D:14 exclusion: Roxanne, Roxanne
Lair:5 1 runed door
Swamp:4 Lernaean hydra
Vaults:2 Mennas


Innate Abilities, Weirdness & Mutations

You have claws for hands.
You are completely covered in yellow scales. (AC +4, rCorr)
A demonic guardian rushes to your aid.
You are powered by pain.
Your magical and physical power is slightly enhanced at high health.
You are somewhat resistant to further mutation.


Message History

Press: ? - help, v - describe, . - travel, g - get item
Here: Mennas, wielding a scimitar of holy wrath and wearing a large shield (moderately wounded, unusually strong, haloed)
A falchion.
There is something else lying underneath.
An open door, spattered with blood.
Unknown command.
Evoke which item? (* to show all) (? for menu, Esc to quit)
Zapping:
t - a wand of paralysis (15/24)
Press: ? - help, Shift-Dir - straight line, f - Mennas
Aim: Mennas, wielding a scimitar of holy wrath and wearing a large shield (moderately wounded, unusually strong, haloed, chance to defeat MR: 0%)
Okay, then.
Unknown command.
As you read the scroll of teleportation, it crumbles to dust.
You feel strangely unstable. You block Mennas's attack.
Mennas hits you with a scimitar of holy wrath!
You convulse!!
* * * LOW HITPOINT WARNING * * *
The orc warrior hits you but does no damage.
Mennas hits you with a scimitar of holy wrath!!!
You die...

......# #......#
......# #......#
......# #......#
####### #......#
#...>..#
#......#
#..†...#
#......#
#.(@...#
#3A....#
######O########
+....)o.o(....#
.#.....o.O.....#
.#.............#
.#..e..........+
##............[+
#.............#


You could see Mennas, an ogre mage, a deep elf archer, an orc warrior and a
friendly sixfirhy.

Vanquished Creatures
  Asterion (Spider:4)
  Frances (Swamp:2)
  Agnes (D:15)
  Louise (Spider:4)
  4 emperor scorpions
  The ghost of epen the Unseen, an adept SpMo of Gozag (Swamp:3)
  3 ghost moths
  3 vault wardens
  2 stone giants
  4 ironheart preservers
  A green draconian (Spider:1)
  9 entropy weavers
  A spark wasp (Spider:1)
  An ettin (Vaults:2)
  2 deep elf death magi (Vaults:1)
  2 yaktaur captains (Vaults:1)
  Josephine (Swamp:1)
  A fire dragon (Lair:6)
  A rakshasa (Vaults:1)
  14 hydras
  A ghost crab (Swamp:4)
  3 ice dragons
  6 centaur warriors
  9 alligators
  A catoblepas (D:13)
  2 ogre magi
  An anaconda (shapeshifter) (D:14)
  6 death yaks
  A queen ant (Spider:4)
  A deep troll shaman (Vaults:2)
  A deep troll earth mage (Vaults:2)
  A death knight (Vaults:1)
  Sonja (D:12)
  2 deep elf knights (Vaults:2)
  A shadow wraith (Vaults:2)
  An unseen horror (shapeshifter) (Vaults:2)
  8 skeletal warriors
  10 swamp dragons
  3 unseen horrors
  A spriggan druid (Swamp:4)
  2 lindwurms (Lair:6)
  8 deep trolls
  3 deep elf archers (Vaults:1)
  A wizard (Vaults:2)
  4 harpies (Vaults:1)
  4 ironbrand convokers
  2 hill giants
  2 necromancers
  17 orc knights
  A shambling mangrove (Swamp:2)
  6 deep elf magi
  10 wolf spider zombies
  23 orb spiders
  27 wolf spiders
  16 hornets
  4 orc sorcerers
  7 ugly things
  7 cyclopes
  A griffon (Vaults:1)
  3 moths of wrath
  5 elephants (Lair:3)
  A centaur zombie (D:14)
  2 manticores
  9 vault sentinels (Vaults:1)
  Joseph (D:9)
  A guardian serpent (shapeshifter) (Vaults:1)
  9 black mambas
  A guardian serpent (Lair:6)
  3 torpor snails
  9 spiny frogs
  A fire giant skeleton (Vaults:2)
  11 redback zombies (Spider:3)
  A kobold demonologist (D:14)
  3 komodo dragons
  16 yaktaurs
  2 rime drakes
  A yaktaur (shapeshifter) (D:15)
  14 demonic crawlers
  A tengu conjurer (D:14)
  35 jumping spiders
  A freezing wraith (D:13)
  5 trolls
  A harpy zombie (D:14)
  A jumping spider (shapeshifter) (D:13)
  A polar bear (shapeshifter) (Vaults:1)
  A polar bear (Lair:5)
  A wolf spider simulacrum (D:11)
  4 two-headed ogres
  40 slime creatures
  6 giant leeches
  3 boulder beetles
  8 blink frogs
  A stone giant simulacrum (Vaults:1)
  6 tarantella zombies (Spider:3)
  10 bog bodies
  3 shadows
  77 redbacks
  4 wyverns
  3 water elementals (D:15)
  2 vampires
  A tarantella (shapeshifter) (D:13)
  15 tarantellas
  3 spriggans
  5 wraiths
  21 yaks
  A basilisk (D:14)
  15 hippogriffs
  A human (shapeshifter) (Vaults:1)
  3 humans
  A golden eye (shapeshifter) (D:13)
  5 hungry ghosts
  3 hogs (D:8)
  A steam dragon (Lair:4)
  A human simulacrum (Vaults:2)
  9 vampire mosquitoes
  Menkaure (D:7)
  3 mottled dragons
  15 swamp worms
  15 insubstantial wisps
  10 wargs
  24 soldier ants
  14 water moccasins
  A soldier ant (shapeshifter) (Vaults:1)
  8 porcupines
  24 swamp drakes
  3 sky beasts
  2 ice beasts
  47 orc warriors
  An ettin simulacrum (Vaults:2)
  3 eyes of draining
  2 phantoms
  10 wasps
  The ghost of Xiguana the Skirmisher, an amateur FoFi (D:4)
  3 black bears (D:9)
  21 centaurs
  4 boggarts (Vaults:1)
  20 ogres
  21 wolves
  11 crocodiles
  20 giant frogs
  A wyvern zombie (D:13)
  4 scorpions
  8 killer bees
  A vampire bat (Orc:2)
  7 wights
  A howler monkey (D:7)
  7 electric eels
  2 giant frog zombies
  5 crimson imps
  4 centaur skeletons
  5 hounds
  2 jellies
  15 orc priests
  A gnoll shaman (D:4)
  11 iguanas
  3 giant frog skeletons
  16 orc wizards
  25 worker ants
  A hound zombie (D:8)
  A hound skeleton (D:8)
  A worker ant zombie (D:9)
  18 adders
  11 gnolls
  A howler monkey skeleton (D:4)
  36 river rats
  A shadow imp (D:12)
  An ooze (D:5)
  2 adder skeletons
  3 worms
  6 dart slugs
  6 giant geckos
  101 orcs
  A ball python (D:2)
  12 bats
  2 giant cockroaches (D:4)
  3 goblins
  13 hobgoblins
  12 jackals
  2 quokkas
  2 giant newts
  6 kobolds
  15 rats
  2 fungi (D:15)
  7 plants
1319 creatures vanquished.

Vanquished Creatures (collateral kills)
  An emperor scorpion (Spider:4)
  Nessos (Lair:5)
  Fannar (D:12)
  3 hydras
  Harold (Lair:2)
  2 centaur warriors
  3 death yaks
  2 skeletal warriors (Vaults:2)
  Pikel (D:3)
  3 orb spiders
  5 wolf spiders
  2 ugly things (D:15)
  5 spiny frogs
  3 torpor snails (Lair:6)
  A yaktaur (Vaults:2)
  A komodo dragon (Lair:6)
  6 jumping spiders
  A giant leech (Lair:6)
  A slime creature (Swamp:2)
  5 blink frogs
  A bog body (Swamp:4)
  4 tarantellas
  9 redbacks
  2 yaks (Lair:3)
  A wraith (Swamp:1)
  A hungry ghost (D:8)
  A warg (Orc:2)
  4 soldier ants (Spider:4)
  5 water moccasins
  2 wasps (Lair:6)
  5 orc warriors
  A boggart (Vaults:1)
  A wolf (Lair:6)
  4 centaurs
  2 crocodiles
  A howler monkey (D:5)
  An orc priest (Orc:1)
  A hound (D:8)
  An iguana (Lair:5)
  A worker ant (Spider:4)
  An orc wizard (D:8)
  10 river rats
  8 orcs
  A quokka zombie (D:9)
116 creatures vanquished.

Vanquished Creatures (others)
  A hydra (Swamp:1)
  An alligator (Swamp:4)
  A shadow wraith (Vaults:1)
  An orb spider (Spider:2)
  A redback (Vaults:2)
  A tarantella (Spider:4)
  2 vampire mosquitoes (Swamp:3)
  An orc priest (D:4)
  2 orc wizards
  A dart slug (D:4)
  2 orcs
  A quokka (D:4)
  A ball python skeleton (D:4)
  A fulminant prism (Swamp:3)
  9 fungi
  19 plants
45 creatures vanquished.

Grand Total: 1480 creatures vanquished

Notes
Turn   | Place    | Note
-------+----------+-------------------------------------------
     0 | D:1      | rlgrobin the Demonspawn Gladiator began the quest for the Orb.
     0 | D:1      | Reached XP level 1. HP: 16/16 MP: 1/1
   190 | D:1      | Reached skill level 3 in Unarmed Combat
   312 | D:1      | Gained mutation: You have sharp fingernails. [demonic ancestry]
   312 | D:1      | Reached XP level 2. HP: 22/22 MP: 2/2
   769 | D:1      | Gained mutation: You have very sharp fingernails. [demonic ancestry]
   769 | D:1      | Reached XP level 3. HP: 26/27 MP: 3/3
  1059 | D:2      | Reached skill level 4 in Unarmed Combat
  1816 | D:3      | Reached XP level 4. HP: 33/33 MP: 4/4
  2345 | D:3      | Reached skill level 5 in Unarmed Combat
  2750 | D:3      | Gained mutation: You sometimes gain a little power by taking damage. [demonic ancestry]
  2750 | D:3      | Reached XP level 5. HP: 27/38 MP: 5/5
  3394 | D:4      | Noticed a phantom
  3426 | D:4      | Killed a phantom
  3426 | D:4      | Reached skill level 6 in Unarmed Combat
  3426 | D:4      | Gained mutation: A weak demonic guardian rushes to your aid. [demonic ancestry]
  3426 | D:4      | Reached XP level 6. HP: 42/44 MP: 6/6
  3487 | D:4      | Noticed a slave
  3488 | D:4      | Noticed Pikel
  3489 | D:4      | Noticed a slave
  3489 | D:4      | Noticed a slave
  3514 | D:4      | Noticed a slave
  3527 | D:4      | Noticed Xiguana's ghost (amateur FoFi)
  3557 | D:3      | Killed Pikel
  3557 | D:3      | Reached skill level 7 in Unarmed Combat
  3557 | D:3      | Gained mutation: You are partially covered in yellow scales. (AC +2) [demonic ancestry]
  3557 | D:3      | Reached XP level 7. HP: 18/50 MP: 7/7
  3629 | D:4      | Killed Xiguana's ghost
  3690 | D:4      | Reached skill level 8 in Unarmed Combat
  4366 | D:4      | Found a staircase to the Ecumenical Temple.
  4381 | Temple   | Entered the Ecumenical Temple
  4388 | Temple   | Became a worshipper of Warmaster Okawaru
  4399 | D:5      | Entered Level 5 of the Dungeon
  4513 | D:5      | Gained mutation: You sometimes gain power by taking damage. [demonic ancestry]
  4513 | D:5      | Reached XP level 8. HP: 46/61 MP: 8/8
  4525 | D:5      | Found a stormy altar of Qazlal.
  4654 | D:5      | Reached skill level 5 in Fighting
  5411 | D:6      | Found a deep blue altar of Sif Muna.
  5509 | D:6      | Reached * piety under Okawaru
  5603 | D:6      | Got an ancient leather armour
  5813 | D:6      | Found an iron altar of Okawaru.
  6285 | D:7      | Found a blossoming altar of Fedhas.
  6285 | D:7      | Found a hide-covered altar of Uskayaw.
  6369 | D:7      | Noticed Menkaure
  6393 | D:7      | Killed Menkaure
  6502 | D:7      | Found Firagad's Magic Scroll Shop.
  6510 | D:7      | Bought a scroll of fog for 28 gold pieces
  6510 | D:7      | Bought a scroll of enchant armour for 105 gold pieces
  6510 | D:7      | Bought a scroll of fear for 49 gold pieces
  6512 | D:7      | Identified a scroll of acquirement
  6513 | D:7      | Got an ancient buckler
  6519 | D:7      | Identified the +0 buckler "Doriho" {rPois MR+++ Int-4} (You acquired it on level 7 of the Dungeon)
  6529 | D:7      | Identified the +1 leather armour "Pedepos" {+Fly Str+2} (You found it on level 6 of the Dungeon)
  7117 | D:8      | Got a warped robe
  7128 | D:8      | Identified the cursed +0 robe "Nodipnese" {Int+7} (You found it on level 8 of the Dungeon)
  7174 | D:8      | Noticed a troll
  7182 | D:8      | Killed a troll
  7182 | D:8      | Reached XP level 9. HP: 60/74 MP: 9/9
  7197 | D:8      | Reached ** piety under Okawaru
  7248 | D:8      | Noticed a deep elf mage
  7264 | D:8      | Killed a deep elf mage
  7264 | D:8      | Reached skill level 9 in Unarmed Combat
  7477 | D:8      | Reached skill level 10 in Unarmed Combat
  7546 | D:8      | Reached *** piety under Okawaru
  7558 | D:8      | Reached skill level 1 in Shields
  7568 | D:8      | Received a gift from Okawaru
  7960 | D:9      | Gained mutation: You are powered by pain. [demonic ancestry]
  7960 | D:9      | Reached XP level 10. HP: 80/80 MP: 10/10
  8069 | D:9      | Noticed Joseph
  8152 | D:9      | Killed Joseph
  8288 | D:9      | Reached skill level 11 in Unarmed Combat
  8458 | D:9      | Reached **** piety under Okawaru
  8739 | D:9      | Noticed Psyche
  8757 | D:9      | Reached skill level 12 in Unarmed Combat
  8930 | D:10     | Entered Level 10 of the Dungeon
  9102 | D:10     | Reached ***** piety under Okawaru
  9130 | D:10     | Found a staircase to the Orcish Mines.
  9354 | D:10     | Reached skill level 5 in Dodging
  9454 | D:10     | Received a gift from Okawaru
  9457 | D:10     | Got an ivory shortbow {god gift}
  9593 | D:10     | Identified the Grimoire of the Assistive Mountains
  9730 | D:10     | Found an opulent altar of Gozag.
  9949 | D:11     | Reached XP level 11. HP: 72/86 MP: 11/11
 10355 | D:11     | Found a staircase to the Lair.
 10394 | D:11     | Noticed a four-headed hydra
 10448 | D:11     | Killed a four-headed hydra
 10642 | D:11     | Reached skill level 1 in Invocations
 10663 | D:11     | Received a gift from Okawaru
 10716 | Lair:1   | Entered Level 1 of the Lair of Beasts
 10787 | Lair:1   | Reached skill level 5 in Invocations
 10933 | Lair:1   | Received a gift from Okawaru
 11425 | Lair:2   | Noticed an eight-headed hydra
 11601 | Lair:2   | Killed an eight-headed hydra
 11741 | Lair:2   | Found a staircase to the Swamp.
 11855 | Lair:2   | Found a hole to the Spider Nest.
 11855 | Lair:2   | Noticed an orb spider
 12191 | Lair:2   | Noticed Harold
 12284 | Lair:2   | Killed Harold
 12360 | Lair:2   | Killed an orb spider
 12409 | Lair:3   | Reached skill level 10 in Fighting
 12493 | Lair:3   | Received a gift from Okawaru
 12500 | Lair:3   | Reached skill level 1 in Stealth
 12559 | Lair:3   | Gained mutation: A demonic guardian rushes to your aid. [demonic ancestry]
 12559 | Lair:3   | Reached XP level 12. HP: 72/97 MP: 16/18
 12583 | Lair:3   | Received a gift from Okawaru
 12701 | Lair:3   | Reached skill level 5 in Stealth
 12820 | Lair:3   | Noticed a death yak
 12830 | Lair:3   | Noticed a death yak
 12835 | Lair:3   | Killed a death yak
 12837 | Lair:3   | Noticed a death yak
 12840 | Lair:3   | Killed a death yak
 12849 | Lair:3   | Killed a death yak
 12851 | Lair:3   | Noticed a death yak
 12852 | Lair:3   | Noticed a death yak
 12870 | Lair:3   | Killed a death yak
 12870 | Lair:3   | Reached ****** piety under Okawaru
 12884 | Lair:3   | Killed a death yak
 13008 | Lair:3   | Reached skill level 13 in Unarmed Combat
 13817 | Lair:4   | Noticed a six-headed hydra
 13825 | Lair:4   | Killed a six-headed hydra
 13825 | Lair:4   | Received a gift from Okawaru
 13828 | Lair:4   | Got an ancient greatsling {god gift}
 13829 | Lair:4   | Identified the +7 greatsling of Generosity {god gift, venom, Dex-2 SInv Stlth+} (Okawaru gifted it to you on level 4 of the Lair of Beasts)
 13930 | Lair:4   | Noticed a death yak
 13930 | Lair:4   | Noticed a death yak
 13944 | Lair:4   | Noticed a death yak
 13972 | Lair:4   | Killed a death yak
 13974 | Lair:4   | Noticed a death yak
 13978 | Lair:4   | Killed a death yak
 13983 | Lair:4   | Killed a death yak
 13987 | Lair:4   | Killed a death yak
 14041 | Lair:4   | Reached skill level 14 in Unarmed Combat
 14342 | Lair:5   | You fall through a shaft!
 14342 | Lair:6   | Entered Level 6 of the Lair of Beasts
 14346 | Lair:6   | Received a gift from Okawaru
 14407 | Lair:6   | Gained mutation: You are mostly covered in yellow scales. (AC +3) [demonic ancestry]
 14407 | Lair:6   | Reached XP level 13. HP: 79/103 MP: 19/19
 15140 | Lair:5   | Noticed Nessos
 15144 | Lair:5   | Killed Nessos
 15144 | Lair:5   | Reached skill level 15 in Unarmed Combat
 15470 | Lair:5   | Found a runed door.
 15471 | Lair:5   | Found a viscous altar of Jiyva.
 15471 | Lair:5   | Found a staircase to the Slime Pits.
 16399 | Lair:6   | Received a gift from Okawaru
 16586 | Lair:6   | Found a runed door.
 16596 | Lair:6   | Reached skill level 16 in Unarmed Combat
 16852 | Lair:6   | Noticed a fire dragon
 16859 | Lair:6   | Killed a fire dragon
 16954 | Lair:6   | Received a gift from Okawaru
 16957 | Lair:6   | Got a translucent ice dragon armour {god gift}
 16976 | Lair:6   | Identified the +0 ice dragon armour of Poanle Ynya {god gift, *Contam rF- rC++ rN++ Dex+2 SInv} (Okawaru gifted it to you on level 6 of the Lair of Beasts)
 17191 | Orc:1    | Entered Level 1 of the Orcish Mines
 17306 | Orc:1    | Noticed a stone giant
 17317 | Orc:1    | Killed a stone giant
 17699 | Orc:1    | Reached XP level 14. HP: 114/114 MP: 17/20
 17870 | Orc:2    | Entered Level 2 of the Orcish Mines
 18013 | Orc:2    | Found a staircase to the Elven Halls.
 18264 | Orc:2    | Reached skill level 1 in Armour
 18554 | Orc:2    | Found a roughly hewn altar of Beogh.
 18895 | Orc:2    | Reached skill level 5 in Armour
 18896 | Orc:2    | Found a roughly hewn altar of Beogh.
 18998 | Orc:2    | Found Zyukhax's General Store.
 18998 | Orc:2    | Found Cupu's General Store.
 19015 | Orc:2    | Bought a scroll of identify for 22 gold pieces
 19015 | Orc:2    | Bought a scroll of identify for 22 gold pieces
 19015 | Orc:2    | Bought a scroll of teleportation for 33 gold pieces
 19015 | Orc:2    | Bought a potion of curing for 33 gold pieces
 19015 | Orc:2    | Bought a potion of berserk rage for 55 gold pieces
 19041 | Orc:2    | Found Aggaysiq's Food Shoppe.
 19090 | Orc:2    | Found Coihaxkod's Armour Shop.
 19146 | Orc:2    | Bought the +4 scale mail "Sipyxeah" {rElec rC++ Regen+ Str-2} for 718 gold pieces
 19539 | D:12     | Gained mutation: You are somewhat resistant to further mutation. [potion of beneficial mutation]
 19646 | D:12     | Received a gift from Okawaru
 19664 | D:12     | Found Zaggics's Distillery.
 19671 | D:12     | Bought a potion of curing for 45 gold pieces
 19671 | D:12     | Bought a potion of haste for 150 gold pieces
 19671 | D:12     | Bought a potion of curing for 45 gold pieces
 19671 | D:12     | Bought a potion of curing for 45 gold pieces
 19671 | D:12     | Bought a potion of heal wounds for 75 gold pieces
 19873 | D:12     | Noticed Sonja
 19879 | D:12     | Killed Sonja
 19887 | D:12     | Noticed Fannar
 19900 | D:12     | Killed Fannar
 20295 | D:13     | Received a gift from Okawaru
 20300 | D:13     | Got a polished halberd {god gift}
 21117 | D:13     | Found a gate to the Vaults.
 21411 | D:14     | Noticed Roxanne
 21862 | D:15     | Entered Level 15 of the Dungeon
 21935 | D:15     | Received a gift from Okawaru
 21935 | D:15     | Gained mutation: You have claws for hands. [demonic ancestry]
 21935 | D:15     | Reached XP level 15. HP: 100/120 MP: 21/21
 22122 | D:15     | Found a flickering gateway to a bazaar.
 22140 | Bazaar   | Entered a bazaar
 22142 | Bazaar   | Found Cuontehi's Assorted Antiques.
 22146 | Bazaar   | Found Oklanen's Antique Weapon Boutique.
 22146 | Bazaar   | Found Odghou's Antique Weapon Boutique.
 22146 | Bazaar   | Found Waewonoq's Antique Armour Boutique.
 22177 | Bazaar   | Bought a bloodstained helmet for 209 gold pieces
 22187 | Bazaar   | Identified the +1 helmet "Niz Boloehi" {rPois Dex+2} (You bought it in a shop in a bazaar)
 22192 | Bazaar   | Bought a blackened fluorescent wand for 76 gold pieces
 22192 | Bazaar   | Bought a scroll of teleportation for 57 gold pieces
 22192 | Bazaar   | Bought a scroll of identify for 38 gold pieces
 22192 | Bazaar   | Bought a pair of runed boots for 85 gold pieces
 22197 | Bazaar   | Bought a runed helmet for 99 gold pieces
 22212 | Bazaar   | Bought a lumpy beryl amulet for 95 gold pieces
 22218 | Bazaar   | Bought a twisted leather armour for 154 gold pieces
 22223 | Bazaar   | Bought a dog-eared paperback book for 285 gold pieces
 22260 | D:15     | Identified the +1 leather armour "Xauso" {Str+3 Slay+2} (You bought it in a shop in a bazaar)
 22298 | D:15     | Learned a level 2 spell: Swiftness
 22380 | D:15     | Received a gift from Okawaru
 22403 | D:15     | Found a portal to a secret trove of treasure.
 22403 | D:15     | Noticed Agnes
 22433 | D:15     | Killed Agnes
 22777 | D:15     | Found a staircase to the Depths.
 22970 | Spider:1 | Entered Level 1 of the Spider Nest
 22997 | Spider:1 | Was placed under penance by Okawaru
 23065 | Spider:1 | Noticed a deep elf blademaster
 23174 | Spider:1 | Was forgiven by Okawaru
 23456 | Spider:1 | Received a gift from Okawaru
 23750 | Spider:1 | Reached skill level 17 in Unarmed Combat
 23960 | Spider:2 | Noticed a ghost moth
 24196 | Spider:2 | Killed a ghost moth
 24733 | Spider:2 | Received a gift from Okawaru
 24736 | Spider:2 | Reached skill level 18 in Unarmed Combat
 24757 | Spider:2 | Received a gift from Okawaru
 25147 | Spider:3 | Gained mutation: Your magical and physical power is slightly enhanced at high health. [demonic ancestry]
 25147 | Spider:3 | Reached XP level 16. HP: 128/128 MP: 22/22
 25743 | Spider:4 | Entered Level 4 of the Spider Nest
 25753 | Spider:4 | Reached skill level 1 in Evocations
 25932 | Spider:3 | Received a gift from Okawaru
 25994 | Spider:3 | Reached skill level 5 in Evocations
 26234 | Spider:4 | Received a gift from Okawaru
 26240 | Spider:4 | Got an encrusted arbalest {god gift}
 26258 | Spider:4 | Noticed Louise
 26271 | Spider:4 | Killed Louise
 26573 | Spider:4 | Received a gift from Okawaru
 26849 | Spider:4 | Reached skill level 10 in Evocations
 27234 | Spider:4 | Reached XP level 17. HP: 114/136 MP: 24/24
 27367 | Spider:4 | Noticed Asterion
 27459 | Spider:4 | Killed Asterion
 27512 | Spider:4 | Got a gossamer rune of Zot
 27592 | Spider:4 | Received a gift from Okawaru
 27725 | Swamp:1  | Entered Level 1 of the Swamp
 27809 | Swamp:1  | Received a gift from Okawaru
 28106 | Swamp:1  | Noticed Josephine
 28133 | Swamp:1  | Killed Josephine
 28309 | Swamp:2  | Reached skill level 19 in Unarmed Combat
 28364 | Swamp:1  | Reached skill level 1 in Charms
 28613 | Swamp:2  | Noticed Frances
 28674 | Swamp:2  | Killed Frances
 28812 | Swamp:2  | Received a gift from Okawaru
 28820 | Swamp:2  | Reached skill level 5 in Throwing
 29203 | Swamp:3  | Noticed epen's ghost (adept SpMo)
 29242 | Swamp:3  | Killed epen's ghost
 30122 | Swamp:4  | Entered Level 4 of the Swamp
 30144 | Swamp:4  | Received a gift from Okawaru
 30401 | Swamp:4  | Noticed the 27-headed Lernaean hydra
 30533 | Swamp:4  | Got a decaying rune of Zot
 30772 | Swamp:4  | Gained mutation: You are completely covered in yellow scales. (AC +4, rCorr) [demonic ancestry]
 30772 | Swamp:4  | Reached XP level 18. HP: 118/143 MP: 25/25
 31227 | Vaults:1 | Entered Level 1 of the Vaults
 31355 | Vaults:1 | Received a gift from Okawaru
 31403 | Vaults:1 | Identified a +0 pair of boots of running {god gift} (Okawaru gifted it to you on level 1 of the Vaults)
 31784 | Vaults:1 | Learned a level 2 spell: Shroud of Golubria
 31788 | Vaults:1 | Learned a level 3 spell: Regeneration
 31790 | Vaults:1 | Learned a level 1 spell: Infusion
 32005 | Vaults:1 | Reached skill level 20 in Unarmed Combat
 32565 | Vaults:1 | Received a gift from Okawaru
 33206 | Vaults:2 | Received a gift from Okawaru
 33228 | Vaults:2 | Got a pair of polished boots {god gift}
 33239 | Vaults:2 | Identified the -5 pair of boots "Yffuep" {god gift, rF- rCorr Int+4 Slay+6} (Okawaru gifted it to you on level 2 of the Vaults)
 33304 | Vaults:2 | Reached skill level 21 in Unarmed Combat
 33624 | Vaults:2 | Noticed Mennas
 33635 | Vaults:2 | Demolished by Mennas

Vault maps used:
D:1:      scummos_arrival_checkerplants
D:2:      kennysheep_another_room
D:3:      corexii_leaking_fountain, guppyfry_early_orc_mine
D:4:      uniq_pikel
D:5:      first_bread, nicolae_qazlal_general_emergency
D:6:      kennysheep_slugbush, nicolae_overflow_crystal_walls,
          okawaru_altar_gauntlet_db
D:7:      gammafunk_temple_overflow_elements, serial_shops, shop, uniq_menkaure
D:8:      grunt_livestock, minmay_stone_trees_small
D:9:      serial_bayou, serial_bayou_pond_c, serial_bayou_shore_b,
          serial_bayou_pond_b, serial_bayou_shore_a, grunt_ministairs_10,
          uniq_joseph, uniq_psyche
D:10:     minmay_goldmine, david_orc_3,
          nicolae_gozag_cash_rules_everything_around_me
D:11:     lair_0_dummy
D:12:     serial_shops, shop, uniq_sonja, uniq_fannar
D:13:     david_vaults_4
D:14:     serial_bayou_pond_c, uniq_roxanne
D:15:     grunt_enter_depths_hoard, serial_shops, bzr_entry_customers,
          nrook_pool_corridor, nicolae_trove_entry_free_sample,
          water_boxes_lemuel, uniq_agnes
Temple:   nicolae_temple_no_exploring_needed
Lair:1:   beast_lair_carwin_6
Lair:2:   swamp_mist_pool, nicolae_spider_entry_orb_guardian, uniq_harold
Lair:3:   minivault_27, beast_lair_carwin_11, grunt_megastairs_4
Lair:5:   slime_altar_2, serial_bayou_shore_b, grunt_megastairs_5,
          lemuel_fruit_fields, uniq_nessos
Lair:6:   hangedman_lair_tendril_chambers, wormcave
Swamp:1:  infiniplex_staircase_pool_2, uniq_josephine
Swamp:2:  cheibrodos_swamp_heart_of_darkness, evilmike_swamp_ruin_house_3,
          swamp_pool5, cheibrodos_swamp_slimy, uniq_frances
Swamp:3:  nicolae_swamp_stair_fork, swamp_pool2, infiniplex_staircase_pool
Swamp:4:  swamp_basic_johnstein
Spider:2: spider_trap, nicolae_spider_webbed_stairs
Spider:3: lemuel_spider_zombies
Spider:4: grunt_spider_rune_parallel, minivault_29, uniq_louise, uniq_asterion
Orc:2:    st_orc_town, basic_altar, roderic_batcave
Vaults:1: grunt_vaults_hallway_short, nicolae_vaults_what_the_h,
          ontoclasm_vaults_bender, v_misc_25, vaults_room_pools,
          ontoclasm_vaults_ring_square, v_pattern_1, ontoclasm_vaults_fault,
          hangedman_vaults_stitches, vaults_room_grunt_arrival_ludios,
          nicolae_vaults_windows_and_doors_thing, vaults_dpeg_ring,
          nicolae_vaults_border_crossing
Vaults:2: dpeg_vaults_monster_row, vaults_dpeg_encased_lava, v_alt_pattern_1,
          v_misc_23, ontoclasm_vaults_idyll, ontoclasm_vaults_claustrophobia,
          nicolae_vaults_ring_of_whatevers, uniq_mennas
Bazaar:   bazaar_minmay_cross

Skill      XL: |  1  2  3  4  5  6  7  8  9 10 11 12 13 14 15 16 17 18 |
---------------+-------------------------------------------------------+-----
Unarmed Combat | 3 4 5 6 7 8 10 12 14 16 18 19 21 | 21.0
Fighting       | 4 8 10 11 12 13 | 13.0
Shields        | 4 |  4.2
Dodging        | 5 6 8 |  8.9
Invocations    | 9 |  9.0
Stealth        | 2 6 7 8 |  8.0
Armour         | 8 9 |  9.3
Throwing       | 4 8 |  8.0
Evocations     | 10 | 10.0
Charms         | 2 |  2.9

Action                   |  1- 3 |  4- 6 |  7- 9 | 10-12 | 13-15 | 16-18 || total
-------------------------+-------+-------+-------+-------+-------+-------++-------
Melee: Unarmed           |   143 |   155 |   309 |   810 |  1770 |  1936 ||  5123
       Punch             |     2 |     4 |     6 |       |       |       ||    12
 Fire: Greatsling        |       |       |       |     7 |       |       ||     7
Throw: Tomahawk          |       |       |     6 |    13 |       |       ||    19
       Stone             |       |       |       |     2 |    38 |    41 ||    81
       Javelin           |       |       |       |       |       |    39 ||    39
Invok: Heroism           |       |       |     1 |     8 |    26 |    33 ||    68
       Finesse           |       |       |       |       |     4 |     5 ||     9
 Abil: Evoke Flight      |       |       |       |       |     1 |     2 ||     3
Evoke: Wand              |       |       |       |     9 |     7 |       ||    16
  Use: Scroll            |     3 |     2 |    16 |    16 |    11 |    14 ||    62
       Potion            |       |       |       |       |     8 |     3 ||    11
 Stab: Sleeping          |     1 |       |     9 |    16 |    17 |     6 ||    49
       Distracted        |       |       |     1 |     4 |     7 |     9 ||    21
       Confused          |       |       |       |     2 |       |     3 ||     5
       Paralysed         |       |       |       |       |     3 |       ||     3
       Held in net/web   |       |       |       |       |       |     1 ||     1
  Eat: Chunk             |     2 |     6 |    15 |    20 |    29 |     7 ||    79
       Royal jelly       |       |       |     1 |     1 |     1 |     1 ||     4
       Fruit             |       |       |       |       |     9 |       ||     9
       Meat ration       |       |       |       |       |       |     4 ||     4
Armor: Leather armour    |    31 |       |    31 |   102 |       |       ||   164
       Ring mail         |     3 |    76 |    50 |       |       |       ||   129
       Chain mail        |       |       |       |    63 |       |       ||    63
       Scale mail        |       |       |       |     6 |   553 |   716 ||  1275
       Skin              |       |       |       |       |     3 |       ||     3
Dodge: Dodged            |    71 |   102 |   140 |   368 |   958 |  1220 ||  2859
Block: Buckler           |       |       |    25 |   148 |   408 |   510 ||  1091
